 Dungeon Sprint DCSS version 0.27-a0-103-g6cd7b45605 (webtiles) character file.

Game seed: 14328890503527669870

8 mhtbhm the Gusty (level 2, 0/15 HPs)
             Began as a Deep Elf Air Elementalist on Jan 23, 2021.
             Slain by a worker ant (7 damage)
             ... in the Dungeon (Sprint IX: "|||||||||||||||||||||||||||||").
             The game lasted 00:00:38 (73 turns).

mhtbhm the Gusty (Deep Elf Air Elementalist)          Turns: 73, Time: 00:00:38

Health: 0/15       AC:  2    Str:  5    XL:     2   Next: 0%
Magic:  4/8        EV: 13    Int: 19    God:
Gold:   0          SH:  0    Dex: 15    Spells: 7/8 levels left

rFire    . . .     SeeInvis .   (no weapon)
rCold    . . .     Faith    .   (no shield)
rNeg     . . .     Spirit   .   a - +0 robe
rPois    .         Reflect  .   (no helmet)
rElec    .         Harm     .   (no cloak)
rCorr    .         Rampage  .   (no gloves)
Will     .....     NoTele   +   (no boots)
Stlth    ++........             (no amulet)
HPRegen  0.05/turn              (no ring)
MPRegen  0.11/turn              (no ring)

@: no status effects
A: no striking features
a: no special abilities


You were in the Dungeon.
You visited 1 branch

Inventory:

Armour
 a - a +0 robe (worn)
Scrolls
 h - a scroll of blinking
Potions
 c - a potion of curing
 d - a potion of heal wounds
 e - a potion of haste
 f - 2 potions of magic
 g - a potion of berserk rage


   Skills:
 + Level 2.9 Dodging
 + Level 3.1 Stealth
 + Level 3.9 Spellcasting
 + Level 1.2 Conjurations
 + Level 4.0 Air Magic


You had 7 spell levels left.
You knew the following spells:

 Your Spells              Type           Power        Failure   Level
a - Shock                 Conj/Air       52%          4%          1

Your spell library contained the following spells:

 Spells                   Type           Power        Failure   Level
 Swiftness                Air            19%          3%          2
 Static Discharge         Conj/Air       13%          14%         3
 Airstrike                Air            9%           26%         4
 Lightning Bolt           Conj/Air       6%           78%         5


Dungeon Overview and Level Annotations

Branches:
Dungeon (1/1)

Altars:


Message History

You kill the orc!
The worker ant bites you.
Ouch! That really hurt!
Your Air Magic skill increases to level 4!
You have reached level 2!
Unknown command.
Unknown command.
Casting: Shock (safe; 4% risk of failure)
Confirm with . or Enter, or press ? or * to list all spells.
Aiming: Shock (safe; 4% risk of failure)
Press: ? - help, Shift-Dir - straight line, f/p - worker ant
Aim: a worker ant (moderately wounded, 32% to evade)
The zap hits the worker ant but does no damage.
The worker ant is moderately wounded.
The zap hits the worm.
The worm is heavily wounded.
The zap hits the centaur.
The centaur is moderately wounded.
The worker ant bites you!
You die... ▓▓▓▓▓▓▓▓▓▓▓▓▓▓▓▓▓▓ ▓<...†...†@Bwc.).+ ▓▓▓▓▓▓▓▓▓▓▓▓▓▓▓▓▓▓

You could see a centaur, a worm and a worker ant.

Vanquished Creatures
  A leopard gecko (D)
  An orc (D)
  A goblin (D)
  A bat (D)
  A frilled lizard (D)
  2 rats (D)
7 creatures vanquished.

Notes
Turn   | Place    | Note
-------+----------+-------------------------------------------
     0 | D        | mhtbhm the Deep Elf Air Elementalist began the quest for
                  | the Orb.
     0 | D        | Reached XP level 1. HP: 10/10 MP: 6/6
    70 | D        | Noticed a worker ant
    70 | D        | Noticed a centaur
    73 | D        | Reached skill level 4 in Air Magic
    73 | D        | Reached XP level 2. HP: 7/15 MP: 5/8
    73 | D        | Slain by a worker ant

Illustrated notes

Levels and vault maps discovered:
D:        linesprint [early_d, line_temple, items_1, d_10, items_2, lair_1,
          lair_end, items_3, orc_1, orc_end, items_4, d_15, swamp_1, shoals_1,
          snake_1, spider_1, d_20, vaults_1, items_5, swamp_end, shoals_end,
          snake_end, spider_end, vaults_end, d_27, items_6, zot_1, zot_end,
          crypt_end, forest_end, elf_end, slime_end, tomb_end, abyss_end,
          pan_hell_end]

Skill      XL: |  1 |
---------------+----+-----
Stealth        | 3 |  3.1
Air Magic      | 4 |  4.0
Dodging        | |  2.9
Spellcasting   | |  3.9
Conjurations   | |  1.2

Action                   || total
-------------------------++-------
 Cast: Shock             ||     8
Dodge: Dodged            ||     1

Table legend: (Time is in decaauts)
 A = Elapsed time spent in this place.
 B = Non-inter-level travel time spent in this place.
 C = Inter-level travel time spent in this place.
 D = Time resting spent in this place.
 E = Time spent auto-exploring this place.
 F = Levels seen in this place.
 G = Mean time per level.
                   A        B        C        D        E       F      G
               +--------+--------+--------+--------+--------+-----+--------+
         Total |     73 |     73 |      0 |     55 |      0 |   1 |   73.0 |
       Dungeon |     73 |     73 |      0 |     55 |      0 |   1 |   73.0 |
               +--------+--------+--------+--------+--------+-----+--------+

Top non-repeatable levels by time:
       D: 73 daAuts
